 Dungeon Crawl Stone Soup version 0.25.1-8-g42b30a86e7 (webtiles) character file.

Game seed: 3557683903094796941

1575 hawla the Destroyer (level 8, 0/85 HPs)
             Began as a Red Draconian Conjurer on Dec 11, 2020.
             Was an Initiate of Vehumet.
             Slain by an orc warrior
             ... wielding a +0 trident
              (11 damage)
             ... on level 6 of the Dungeon.
             The game lasted 00:24:43 (9631 turns).

hawla the Destroyer (Red Draconian Conjurer)        Turns: 9631, Time: 00:24:44

Health: 0/85       AC: 24    Str: 11    XL:     8   Next: 60%
Magic:  1/13       EV:  2    Int: 17    God:    Vehumet [......]
Gold:   306        SH:  0    Dex: 12    Spells: 6/13 levels left

rFire    + . .     SeeInvis .   a - +1 whip (elec)
rCold    . . .     Gourm    .   (no shield)
rNeg     + + +     Faith    .   (armour unavailable)
rPois    +         Spirit   .   (helmet currently unavailable)
rElec    .         Reflect  .   (cloak currently unavailable)
rCorr    .         Harm     .   (gloves currently unavailable)
MR       +....     NoTele   +   (boots currently unavailable)
Stlth    ++........             (no amulet)
HPRegen  0.24/turn              d - ring of protection from fire
MPRegen  0.13/turn              q - ring of protection from magic

@: brilliant, tree-form
A: (breathe fire), unfitting armour, AC +6
a: Renounce Religion


You were on level 6 of the Dungeon.
You worshipped Vehumet.
Vehumet was noncommittal.
You were not hungry.
You were a tree.
You visited 2 branches of the dungeon, and saw 7 of its levels.
You also visited: Ossuary.

You collected 306 gold pieces.

Inventory:

Hand Weapons
 a - a +1 whip of electrocution (weapon)
Missiles
 k - 16 poisoned darts
 u - 5 atropa-tipped darts (quivered)
 v - 17 boomerangs
Jewellery
 d - a ring of protection from fire (left branch)
 g - an uncursed ring of resist corrosion
 m - an uncursed ring of stealth
 q - a ring of protection from magic (right branch)
Wands
 r - a wand of iceblast (8)
 y - a wand of clouds (9)
Scrolls
 f - a scroll of immolation
 h - a scroll of amnesia {unknown}
 i - 4 scrolls of teleportation
 j - a scroll of enchant armour
 n - 4 scrolls of remove curse
 t - a scroll of enchant weapon
 x - a scroll of noise {unknown}
Potions
 c - a potion of lignification
 e - 4 potions of curing
 l - 3 potions of haste
 o - a potion of stabbing
 s - 2 potions of berserk rage
 w - a potion of brilliance
 z - a potion of invisibility
Comestibles
 b - 9 rations


   Skills:
 - Level 0.3 Fighting
 - Level 2.8 Dodging
 - Level 2.1 Stealth
 - Level 3.4 Spellcasting
 + Level 8.4 Conjurations
 - Level 6.6 Translocations


You had 6 spell levels left.
You knew the following spells:

 Your Spells              Type           Power        Failure   Level  Hunger
a - Magic Dart            Conj           ####         1%          1    None
b - Searing Ray           Conj           #####.       1%          2    None
c - Iskenderun's Mystic   Conj/Tloc      #####...     8%          4    None

Your spell library contained the following spells:

 Spells                   Type           Power        Failure   Level  Hunger
 Apportation              Tloc           #####.       1%          1    None
 Dazzling Flash           Conj/Hex       ####..       9%          3    None
 Animate Skeleton         Necr           N/A          17%         1    None
 Corona                   Hex            #......      17%         1    None
 Summon Small Mammal      Summ           #...         17%         1    None
 Fulminant Prism          Conj/Hex       ####......   28%         4    None


Dungeon Overview and Level Annotations

Branches:
Dungeon (6/15)             Temple (1/1) D:6         Ossuary (visited)

Altars:
Cheibriados
Dithmenos
Fedhas
Gozag
Hepliaklqana
Nemelex Xobeh
Okawaru
Ru
Sif Muna
Trog
Uskayaw
Vehumet
Wu Jian
Xom
Zin
The Shining One

Annotations:
D:2 Sigmund


Innate Abilities, Weirdness & Mutations

((You can breathe blasts of fire.))
((Your fiery red scales are hard. (AC +6)))
You cannot fit into any form of body armour.
((Your flesh is heat resistant. (rF+)))
((You are cold-blooded and may be slowed by cold attacks.))


Message History

Aim: an orc warrior, wielding a +0 trident and wearing a +0 chain mail (severely wounded, very poisoned, chance to blind on hit: 61%)
You throw an atropa-tipped dart.
The atropa-tipped dart closely misses the orc warrior.
The atropa-tipped dart completely misses the orc priest.
The orc warrior hits you but does no damage.
Throwing (i - inventory. (/) - cycle)
u - 7 atropa-tipped darts (quivered)
Press: ? - help, Shift-Dir - straight line, f/p - orc warrior
Aim: an orc warrior, wielding a +0 trident and wearing a +0 chain mail (severely wounded, very poisoned, chance to blind on hit: 61%)
You throw an atropa-tipped dart.
The atropa-tipped dart barely misses the orc warrior.
The atropa-tipped dart barely misses the orc priest.
You kill the orc priest!
Vehumet accepts your kill.
Throwing (i - inventory. (/) - cycle)
u - 6 atropa-tipped darts (quivered)
Press: ? - help, Shift-Dir - straight line, f/p - orc warrior
Aim: an orc warrior, wielding a +0 trident and wearing a +0 chain mail (severely wounded, very poisoned, chance to blind on hit: 67%)
You throw an atropa-tipped dart.
The atropa-tipped dart barely misses the orc warrior.
The orc warrior hits you from afar with a +0 trident!
You die...

.........#........
######.....#.##.#.
#..#..#..#.#. #..#..#..#.#.
#.....#..#.#. #.
#........#.#. #.#
#........#.#.
+###.###+###.##.....#.#.
(..))o.♣...+....#####...
+###.###'###...##...###. #.#
#.# #..##.....##. #.###.#
#..#.......#. ... +.'...#
#..#..._...#. .. #.#####
#..#.......#. .. #.#
#.###.....##.
.#######'#######.####...##..
................##.##.####.


You could see an orc warrior (very poisoned).

Vanquished Creatures
  Menkaure (Ossuary)
  A water moccasin (D:6)
  2 black bears (D:6)
  An orc warrior (D:6)
  A phantom (D:6)
  A centaur (D:6)
  A bullfrog (D:6)
  A scorpion (D:4)
  A bullfrog zombie (D:5)
  4 hounds
  An orc priest (D:6)
  A bullfrog skeleton (D:4)
  A centaur skeleton (D:5)
  2 jellies (D:4)
  2 iguanas
  3 worker ants
  A hound zombie (D:6)
  3 mummies (Ossuary)
  7 gnolls
  A howler monkey skeleton (D:3)
  8 adders
  An ooze (D:6)
  An adder zombie (D:6)
  An adder skeleton (D:4)
  3 worms (D:3)
  7 dart slugs
  4 leopard geckos
  6 orcs
  5 giant cockroaches
  2 gnoll zombies (Ossuary)
  8 goblins
  5 hobgoblins
  12 jackals
  5 quokkas
  2 ball pythons (D:1)
  17 bats
  7 frilled lizards
  A giant cockroach zombie (D:3)
  4 gnoll skeletons (Ossuary)
  3 goblin skeletons (Ossuary)
  5 goblin zombies (Ossuary)
  3 hobgoblin skeletons (Ossuary)
  4 hobgoblin zombies (Ossuary)
  8 kobolds
  6 kobold skeletons (Ossuary)
  2 kobold zombies (Ossuary)
  4 orc skeletons (Ossuary)
  8 orc zombies (Ossuary)
  2 rats
  5 rat skeletons (Ossuary)
  4 rat zombies (Ossuary)
189 creatures vanquished.

Vanquished Creatures (others)
  Eustachio (D:4)
  An adder (D:4)
  A leopard gecko (D:4)
  An orc (D:4)
4 creatures vanquished.

Grand Total: 193 creatures vanquished

Notes
Turn   | Place    | Note
-------+----------+-------------------------------------------
     0 | D:1      | hawla the Draconian Conjurer began the quest for the Orb.
     0 | D:1      | Reached XP level 1. HP: 14/14 MP: 3/3
    70 | D:1      | Reached XP level 2. HP: 14/20 MP: 0/5
   835 | D:1      | Reached XP level 3. HP: 26/26 MP: 0/6
  1048 | D:1      | Learned a level 2 spell: Searing Ray
  1345 | D:2      | Found an iron altar of Okawaru.
  1349 | D:2      | Reached skill level 5 in Conjurations
  1416 | D:2      | Reached XP level 4. HP: 33/33 MP: 3/7
  1828 | D:2      | Noticed Sigmund
  3408 | D:3      | Found a faded altar of an unknown god.
  3852 | D:4      | Noticed Eustachio
  3857 | D:3      | Reached XP level 5. HP: 13/38 MP: 4/9
  4201 | D:4      | HP: 1/38 [adder (5)]
  4218 | D:4      | Noticed an ogre
  4270 | D:4      | Found a sparkling altar of Nemelex Xobeh.
  4278 | D:4      | Learned a level 4 spell: Iskenderun's Mystic Blast
  4339 | D:4      | Killed Eustachio
  4402 | D:4      | Reached XP level 6. HP: 41/45 MP: 4/11
  4424 | D:4      | Reached skill level 1 in Translocations
  4433 | D:4      | Found a sand-covered staircase.
  4438 | Ossuary  | Entered an ossuary
  5820 | Ossuary  | Noticed Menkaure
  5884 | Ossuary  | Killed Menkaure
  5884 | Ossuary  | Reached skill level 6 in Conjurations
  6228 | D:4      | Found a shimmering altar of Xom.
  6245 | D:4      | Your scales start taking on a fiery red colour.
  6245 | D:4      | Reached XP level 7. HP: 50/50 MP: 2/12
  6245 | D:4      | Gained mutation: Your flesh is heat resistant. (rF+) [Red
                  | Draconian growth]
  6901 | D:5      | Entered Level 5 of the Dungeon
  8131 | D:6      | Reached skill level 5 in Translocations
  8268 | D:6      | Found a bloodstained altar of Trog.
  8282 | D:6      | Reached skill level 7 in Conjurations
  8282 | D:6      | Reached XP level 8. HP: 57/57 MP: 3/13
  8508 | D:6      | Found a blossoming altar of Fedhas.
  8749 | D:6      | Found a staircase to the Ecumenical Temple.
  8790 | Temple   | Entered the Ecumenical Temple
  8995 | Temple   | Became a worshipper of Vehumet
  9282 | D:6      | Reached skill level 8 in Conjurations
  9553 | D:6      | Found a glowing golden altar of the Shining One.
  9627 | D:6      | HP: 4/85 [orc warrior/+0 trident (4)]
  9631 | D:6      | Slain by an orc warrior

Illustrated notes

Levels and vault maps discovered:
D:1:      moated_graveyard_arrival, layout_basic, moated_statue
D:2:      layout_rooms, first_ration, okawaru_trees_2, uniq_sigmund
D:3:      minmay_angry_zag, layout_basic, chequers_ecumenical_altar_simple
D:4:      layout_cave_pools, nicolae_overflow_crystal_walls,
          nicolae_ossuary_entry_false_entrances, xom_confusion_cloud,
          uniq_eustachio
D:5:      layout_loops_corners, minmay_crystal_room
D:6:      layout_basic, kennysheep_mini, lemuel_round_altar,
          lemuel_temple_firewalk_a, minmay_door_square, minmay_misc_feat_plants,
          trog_ov_bears_minmay
Temple:   nicolae_temple_figure_eight

Skill      XL: |  1  2  3  4  5  6  7  8 |
---------------+-------------------------+-----
Dodging        | 2 |  2.8
Conjurations   | 5 6 7 8 |  8.4
Stealth        | 2 |  2.1
Spellcasting   | 3 |  3.4
Translocations | 3 5 6 |  6.6
Fighting       | |  0.3

Action                   |  1- 3 |  4- 6 |  7- 9 || total
-------------------------+-------+-------+-------++-------
Melee: Whip              |    24 |    21 |    23 ||    68
       Tailslap          |     3 |     1 |     3 ||     7
Throw: Dart              |       |     3 |     7 ||    10
 Cast: Magic Dart        |    63 |   150 |    45 ||   258
       Searing Ray       |     5 |    42 |    41 ||    88
       Iskenderun's Myst |       |       |     5 ||     5
 Abil: Breathe Fire      |       |       |     2 ||     2
  Use: Potion            |       |     5 |     4 ||     9
       Scroll            |       |     5 |     8 ||    13
  Eat: Chunk             |     3 |     7 |    13 ||    23
       Ration            |       |     3 |       ||     3
Armor: Skin              |    30 |     6 |    29 ||    65
Dodge: Dodged            |    76 |    28 |    40 ||   144
